 Dungeon Crawl Stone Soup version 0.30-a0-1074-g5db6f66fbb (webtiles) character file.

Game seed: 2151703419339738722

2 BlasphemerAmon the Firebug (level 1, -1/13 HPs)
             Began as a Demonspawn Fire Elementalist on Apr 14, 2023.
             Slain by a jackal (2 damage)
             ... on level 1 of the Dungeon.
             The game lasted 00:00:55 (79 turns).

BlasphemerAmon the Firebug (DsFE)                     Turns: 79, Time: 00:00:57

Health: -1/13      AC:  2    Str:  8    XL:     1   Next: 25%
Magic:  1/3        EV:  9    Int: 16    God:
Gold:   0          SH:  0    Dex: 13    Spells: 3/4 levels left

rFire   . . .      SeeInvis .    c - +0 spear
rCold   . . .      Faith    .    (no shield)
rNeg    . . .      Spirit   .    a - +0 robe
rPois   .          Reflect  .    (no helmet)
rElec   .          Rampage  .    (no cloak)
rCorr   .                        (no gloves)
Will    .....                    (no boots)
Stlth   ++                       (no amulet)
HPRegen 0.22/turn                (no ring)
MPRegen 0.08/turn                (no ring)

@: constricted
A: no striking features
a: no special abilities


You were on level 1 of the Dungeon.
You visited 1 branch of the dungeon, and saw 1 of its levels.

Inventory:

Hand Weapons
 c - a +0 spear (weapon)
Armour
 a - a +0 robe (worn)
 e - a +0 ring mail
Scrolls
 d - a scroll of identify {unknown}
Potions
 b - a potion of magic


   Skills:
 + Level 1.8 Dodging
 + Level 1.8 Stealth
 + Level 2.0 Spellcasting
 + Level 1.0 Conjurations
 + Level 2.7 Fire Magic


You had 3 spell levels left.
You knew the following spells:

 Your Spells              Type           Power      Damage    Failure   Level
a - Foxfire               Conj/Fire      28%        2x1d5     10%         1

Your spell library contained the following spells:

 Spells                   Type           Power      Damage    Failure   Level
 Scorch                   Fire           20%        2d5       11%         2
 Inner Flame              Hex/Fire       5%         N/A       34%         3
 Volatile Blastmotes      Fire/Tloc      10%        2d10      34%         3
 Flame Wave               Conj/Fire      7%         2d5       67%         4


Dungeon Overview and Level Annotations

Branches:
Dungeon (1/15)

Altars:


Message History

The jackal bites you.
You miss the jackal. The jackal barely misses you.
Casting: Foxfire (safe; 10% risk of failure)
Press: ? - help, Q - select action Dir - look around, f - activate You conjure some foxfire!
The jackal bites you but does no damage.
The jackal barely misses you. The ball python bites you.
The ball python grabs you. The ball python constricts you.
The jackal bites you. The jackal closely misses you.
Casting: Foxfire (safe; 10% risk of failure)
Press: ? - help, Q - select action Dir - look around, f - activate You conjure some foxfire!
The foxfire hits the jackal.
The jackal is moderately wounded.
The foxfire hits the jackal.
The jackal is severely wounded.
The ball python bites you but does no damage.
The ball python constricts you. The jackal misses you.
The jackal bites you but does no damage.
The ball python bites you. The ball python constricts you.
You hit the jackal but do no damage.
The jackal is severely wounded.
The foxfire hits the jackal.
The jackal is almost dead.
The jackal bites you. The jackal barely misses you. The ball python misses you.
The ball python constricts you. The jackal barely misses you.
You barely miss the jackal.
The jackal is almost dead.
The jackal closely misses you. The ball python barely misses you.
The ball python constricts you.
The jackal bites you but does no damage.
The jackal barely misses you.
You hit the jackal.
You kill the jackal!
The ball python bites you.
* * * LOW HITPOINT WARNING * * *
The ball python constricts you.
* * * LOW HITPOINT WARNING * * *
The jackal bites you.
You die...

#.†......#..#
#.##.#.⌠....#
###.##.#....#+#
#....#.###..#
#.#.##......#
#.#.#########
#.......#
###...### #..@#
#....S.h......
#.###.g.......
# #.........
#$........
#.........
#.........
#.........


You could see a jackal, a goblin and a ball python.

Vanquished Creatures
  A giant cockroach (D:1)
  A jackal (D:1)
  A rat (D:1)
3 creatures vanquished.

Vanquished Creatures (others)
  6 foxfires (D:1)
6 creatures vanquished.

Grand Total: 9 creatures vanquished

Notes
Turn   | Place    | Note
-------+----------+-------------------------------------------
     0 | D:1      | BlasphemerAmon the Demonspawn Fire Elementalist began the
                  | quest for the Orb.
     0 | D:1      | Reached XP level 1. HP: 13/13 MP: 3/3
    79 | D:1      | Slain by a jackal

Illustrated notes

Levels and vault maps discovered:
D:1:      dpeg_arrival_court, layout_basic

Action                     || total
---------------------------++-------
  Melee: Unarmed           ||     9
         Spear             ||     8
   Cast: Foxfire           ||     4
 Armour: Robe              ||     6
  Dodge: Dodged            ||    20

Table legend: (Time is in decaauts)
 A = Elapsed time spent in this place.
 B = Non-inter-level travel time spent in this place.
 C = Inter-level travel time spent in this place.
 D = Time resting spent in this place.
 E = Time spent auto-exploring this place.
 F = Levels seen in this place.
 G = Mean time per level.
                   A        B        C        D        E       F      G
               +--------+--------+--------+--------+--------+-----+--------+
         Total |     79 |     79 |      0 |      0 |      0 |   1 |   79.0 |
       Dungeon |     79 |     79 |      0 |      0 |      0 |   1 |   79.0 |
               +--------+--------+--------+--------+--------+-----+--------+

Top non-repeatable levels by time:
     D:1: 79 daAuts
